 Dungeon Crawl Stone Soup version 0.24-a0-464-g6b2be6b8c7 (webtiles) character file.

Game seed: 14647836355188800543

282 Inarius the Chucker (level 6, 0/46 HPs)
             Began as a Demonspawn Hunter on July 3, 2019.
             Slain by an orc
             ... wielding a +0 trident
              (5 damage)
             ... on level 3 of the Dungeon.
             The game lasted 00:06:51 (4211 turns).

Inarius the Chucker (Demonspawn Hunter)             Turns: 4211, Time: 00:06:52

Health: 0/46       AC: 10    Str: 14    XL:     6   Next: 6%
Magic:  0/6        EV: 11    Int: 12    God:
Gold:   170        SH:  0    Dex: 14    Spells: 5/5 levels left

rFire    . . .     SeeInvis .   k - +0 hand axe
rCold    . . .     Gourm    .   (no shield)
rNeg     . . .     Faith    .   i - +0 ring mail
rPois    .         Spirit   +   (no helmet)
rElec    .         Reflect  .   p - +0 cloak
rCorr    +         Harm     .   m - +0 pair of gloves
MR       .....                  (no boots)
Stlth    +.........             (no amulet)
HPRegen  0.15/turn              q - ring of resist corrosion
MPRegen  0.10/turn              (no ring)

@: slowed, very slow
A: hooves 1, molten scales 2, demonic guardian 1, magic shield
a: no special abilities


You were on level 3 of the Dungeon.
You were hungry.

You visited 1 branch of the dungeon, and saw 3 of its levels.
You also visited: Sewer.

You collected 170 gold pieces.

Inventory:

Hand Weapons
 k - a +0 hand axe (weapon)
Missiles
 c - 6 javelins (quivered)
 d - 2 throwing nets
Armour
 i - a +0 ring mail (worn)
 m - a +0 pair of gloves (worn)
 p - a +0 cloak (worn)
Jewellery
 q - a ring of resist corrosion (left hand)
Scrolls
 e - 3 scrolls of teleportation
 g - 2 scrolls of remove curse
Potions
 a - a potion of flight {unknown}
 h - 11 potions of curing
 j - a potion of haste
 l - a potion of agility {unknown}
 n - 5 potions of heal wounds
 o - a potion of might {unknown}
Comestibles
 f - 6 rations


   Skills:
 + Level 2.6 Fighting
   Level 0.5 Short Blades
 * Level 3.8 Axes
 + Level 3.9 Throwing
 + Level 2.2 Armour
 + Level 2.2 Dodging
 - Level 0.8 Stealth


You had 5 spell levels left.
You didn't know any spells.
Your spell library was empty.

Dungeon Overview and Level Annotations

Branches:
Dungeon (3/15)

Altars:
Elyvilon


Innate Abilities, Weirdness & Mutations

You have large cloven feet.
You are mostly covered in molten scales. (AC +3)
A weak demonic guardian rushes to your aid.
When hurt, damage is shared between your health and your magic reserves.


Message History

The orc wizard casts a spell at you. The magic dart hits you.
The orc hits you from afar with a +0 trident!
* * * LOW HITPOINT WARNING * * *
The orc wizard barely misses you.
You hit the orc wizard but do no damage.
You kick the orc wizard.
You kill the orc wizard!
You have reached level 6!
Your experience leads to an increase in your attributes!
Increase (S)trength, (I)ntelligence, or (D)exterity?
You feel stronger.
Your demonic ancestry asserts itself...
Molten scales spread over more of your body.
Your ufetubus barely misses the orc. x2
The orc hits you from afar with a +0 trident.
* * * LOW HITPOINT WARNING * * *
Your ufetubus barely misses the orc.
Your ufetubus hits the orc but does no damage.
The orc hits you from afar with a +0 trident.
You die...

#.# #.# #.#
#.# #.# #.#
#.# #)# #@#
#5#
########o##
...loo)lo.#
###########


You could see 2 orcs, a leopard gecko and a friendly ufetubus.

Vanquished Creatures
  A big kobold (Sewer)
  An orc wizard (D:3)
  4 adders
  4 river rats (Sewer)
  2 worms (D:3)
  4 dart slugs
  5 leopard geckos
  2 orcs (D:3)
  9 goblins
  4 hobgoblins (D:1)
  4 jackals (D:2)
  4 quokkas
  5 ball pythons (Sewer)
  2 bats
  5 frilled lizards
  19 kobolds
  22 rats
97 creatures vanquished.

Vanquished Creatures (collateral kills)
  A river rat (Sewer)
  A frilled lizard (Sewer)
  3 rats (Sewer)
5 creatures vanquished.

Grand Total: 102 creatures vanquished

Notes
Turn   | Place    | Note
-------+----------+-------------------------------------------
     0 | D:1      | Inarius the Demonspawn Hunter began the quest for the Orb.
     0 | D:1      | Reached XP level 1. HP: 16/16 MP: 1/1
   469 | D:1      | Gained mutation: When hurt, damage is shared between your
                  | health and your magic reserves. [demonic ancestry]
   469 | D:1      | Reached XP level 2. HP: 9/22 MP: 2/2
  1560 | D:2      | Reached skill level 1 in Armour
  1560 | D:2      | Gained mutation: You have large cloven feet. [demonic
                  | ancestry]
  1560 | D:2      | Reached XP level 3. HP: 7/27 MP: 3/3
  1841 | D:2      | Reached skill level 1 in Axes
  2328 | D:2      | Found a white marble altar of Elyvilon.
  2644 | D:3      | Gained mutation: A weak demonic guardian rushes to your
                  | aid. [demonic ancestry]
  2644 | D:3      | Reached XP level 4. HP: 33/34 MP: 4/4
  2653 | D:3      | Found a glowing drain.
  2657 | Sewer    | Entered a sewer
  3136 | Sewer    | Gained mutation: You are partially covered in molten
                  | scales. (AC +2) [demonic ancestry]
  3136 | Sewer    | Reached XP level 5. HP: 22/39 MP: 5/5
  3938 | D:3      | Found a faded altar of an unknown god.
  4211 | D:3      | Gained mutation: You are mostly covered in molten scales.
                  | (AC +3) [demonic ancestry]
  4211 | D:3      | Reached XP level 6. HP: 9/46 MP: 1/6
  4211 | D:3      | Slain by an orc

Levels and vault maps discovered:
D:1:      dpeg_arrival_stonehenge_12_columns, layout_basic
D:2:      layout_loops_ring, lemuel_doored_altar
D:3:      cheibrodos_helix_gallery, layout_basic,
          chequers_ecumenical_altar_simple, gup_sewer_entry_bowl

Skill      XL: |  1  2  3  4  5 |
---------------+----------------+-----
Dodging        | 2 |  2.2
Armour         | 1 2 |  2.2
Axes           | 1 2 3 |  3.8
Fighting       | |  2.6
Short Blades   | |  0.5
Throwing       | |  3.9
Stealth        | |  0.8

Action                   |  1- 3 |  4- 6 || total
-------------------------+-------+-------++-------
Melee: Short sword       |    39 |       ||    39
       Hand axe          |   100 |   152 ||   252
       Kick              |    14 |    31 ||    45
Throw: Throwing net      |     2 |       ||     2
       Javelin           |       |     1 ||     1
  Use: Scroll            |     4 |     6 ||    10
 Stab: Sleeping          |     1 |       ||     1
  Eat: Chunk             |     5 |     5 ||    10
Armor: Leather armour    |    16 |       ||    16
       Ring mail         |    37 |    60 ||    97
Dodge: Dodged            |    86 |   105 ||   191

Table legend:
 A = Non-vault XP
 B = Vault XP
 C = Vault XP percentage of total XP
 D = Non-vault monster count
 E = Vault monster count
 F = Vault count percentage of total count
                 A         B        C        D         E       F
            +---------+---------+-------+---------+---------+-------
      Total |     150 |     254 |  62.9 |      50 |      52 |  51.0
            +---------+---------+-------+---------+---------+-------
        D:1 |      22 |       0 |   0.0 |      14 |       0 |   0.0
        D:2 |      68 |       0 |   0.0 |      23 |       0 |   0.0
        D:3 |      60 |      14 |  18.9 |      13 |       4 |  23.5
      Sewer |       0 |     240 | 100.0 |       0 |      48 | 100.0
            +---------+---------+-------+---------+---------+-------
